Unix NetHack Version 5.0.0-0 post-release - last build Jul 11 2026 15:18:16 (a5a7a23833b1ad5d30b1c6e96a93a978492a6348,branch:main).

Game began 2026-07-13 17:16:55, ended 2026-07-13 19:35:04.

Coineanach, neutral male human Barbarian

                          -----            -------
                          |...------     --|.....|
                          |........|     |.+.....|
                          |..0.....|     |-|.....|--
                          -------.----   |.+.....+.|
                           |.0.0.%.0.--  |-|.....|.|
                           |..........|  |.+.....|.|
                           |..........|  --|.....|.|
                          -----.--------   ------|.|
                          |.0....j.....|         |.|
                          |....0.......|         |.|
                          --------%----|         |.|
                           |0.0.0...0.0|         |.|
                           |...........|         |.|
                          -------.------         |.|
                          |.......----------------.|
                          |>......^......^0^^^^^^^.|
                          --------------------------
Coineanach the Bandit      St:18/02 Dx:15 Co:17 In:8 Wi:8 Ch:8  Neutral
Dlvl:3  $:191 HP:0(73) Pw:16(16) AC:3  Xp:7 T:5335  Burdened

Latest messages:
 You see here a snake corpse.
 With great effort you move the boulder.
 With great effort you move the boulder.
 In what direction?
 The orcish dagger hits the spotted jelly.
 The orcish dagger corrodes!
 You hear a sound reminiscent of an elephant stepping on a peanut.
 In what direction?
 You kick the spotted jelly.
 In what direction?
 Your clumsy kick does no damage.
 In what direction?
 Your clumsy kick does no damage.
 In what direction?
 You kick the spotted jelly.
 In what direction?
 Your clumsy kick does no damage.
 In what direction?
 You kick the spotted jelly.
 You are splashed by the spotted jelly's acid!
 Your pair of snow boots is not affected by corrosion.
 In what direction?
 Your clumsy kick does no damage.
 In what direction?
 You kick the spotted jelly.
 You are splashed by the spotted jelly's acid!
 In what direction?
 You kick the spotted jelly.
 In what direction?
 Your clumsy kick does no damage.
 In what direction?
 Your clumsy kick does no damage.
 In what direction?
 Your clumsy kick does no damage.
 In what direction?
 Your clumsy kick does no damage.
 In what direction?
 You kick the spotted jelly.
 In what direction?
 You kick the spotted jelly.
 You are splashed by the spotted jelly's acid!
 In what direction?
 You kick the spotted jelly.
 You are splashed by the spotted jelly's acid!
 You die...
 Do you want your possessions identified? [ynq] (y)
 Do you want to see your attributes? [ynq] (y)
 Do you want an account of creatures vanquished? [ynaq] (y)
 Do you want to see your conduct and achievements? [ynq] (y)
 Do you want to see the dungeon overview? [ynq] (y)

Inventory:
 Coins    ('$')
  $ - 191 gold pieces
 Weapons  (')')
  M - 7 +0 silver arrows
  N - a rustproof +0 dagger
  G - 6 +0 daggers
  F - 2 +0 orcish daggers (at the ready)
  b - a +0 axe (alternate weapon; not wielded)
  a - a blessed +0 two-handed sword (weapon in hands)
 Armor    ('[')
  v - an uncursed +0 orcish helm (being worn)
  l - an uncursed burnt +0 pair of jumping boots (being worn)
  B - an uncursed +0 cloak of displacement
  i - a blessed +0 cloak of invisibility (being worn)
  Y - an uncursed +0 elven mithril-coat (being worn)
 Comestibles  ('%')
  U - an uncursed apple
  d - 6 uncursed food rations
  p - an uncursed lembas wafer
  t - an uncursed tripe ration
  f - an uncursed lichen corpse
 Scrolls  ('?')
  w - 2 uncursed scrolls of confuse monster
  j - an uncursed scroll of destroy armor
  S - an uncursed scroll of earth
  q - 2 uncursed scrolls of enchant armor
  z - a blessed scroll of remove curse
  r - 3 uncursed scrolls of remove curse
  y - an uncursed scroll of taming
 Potions  ('!')
  n - an uncursed potion of gain ability
  k - an uncursed potion of gain energy
  g - 2 uncursed potions of healing
  x - 2 uncursed potions of invisibility
  X - a cursed potion of invisibility
  V - an uncursed potion of object detection
  u - a cursed potion of polymorph
  O - an uncursed potion of restore ability
  H - 2 uncursed potions of sickness
  K - an uncursed potion of speed
 Rings    ('=')
  W - an uncursed +1 ring of gain constitution
  m - an uncursed ring of invisibility
  R - a cursed ring of polymorph control
  I - an uncursed ring of shock resistance
  h - an uncursed ring of warning
 Wands    ('/')
  s - a wand of light (0:13)
  Q - a wand of magic missile (0:3)
  T - a wand of make invisible (0:4)
  Z - a wand of striking (0:4)
 Tools    ('(')
  e - an uncursed lock pick
  A - an uncursed mirror
  L - a +0 unicorn horn
 Gems/Stones  ('*')
  o - an uncursed chrysoberyl stone
  J - an uncursed worthless piece of yellowish brown glass

Coineanach the Barbarian's attributes:

Background:
 You were a Bandit, a level 7 male human Barbarian.
 You were neutral, on a mission for Crom
 who was opposed by Mitra (lawful) and Set (chaotic).
 You were right-handed.
 You were in Sokoban, on level 3.
 You entered the dungeon 5335 turns ago.
 You had 742 experience points, 538 more were needed to attain level 8.

Basics:
 You had 0 out of 73 hit points.
 You had all 16 energy points (spell power).
 Your armor class was 3.
 Your wallet contained 191 zorkmids.
 Autopickup was off.

Final Characteristics:
 Your strength was 18/02 (limit:18/100).
 Your dexterity was 15 (peak:16, limit:18).
 Your constitution was 17 (peak:18, limit:18).
 Your intelligence was 8 (limit:18).
 Your wisdom was 8 (limit:18).
 Your charisma was 8 (limit:18).

Final Status:
 You weren't hungry.
 You were burdened; movement was slightly slowed.
 You were wielding a two-handed sword.
 You were skilled in two-handed sword.

Final Attributes:
 You were piously aligned.
 You were fire resistant.
 You were poison resistant.
 You were telepathic.
 You were invisible.
 You could jump.
 You were guarded.
 Your spell casting was impaired by metallic armor.
 You were fast.
 You are dead.

Miscellaneous:
 You didn't encounter any bones levels.
 Total elapsed playing time was 2 hours, 9 minutes and 4 seconds.

Major events:
 Turn
    1: Coineanach the neutral male human Barbarian entered the dungeon
  926: attained the rank of Pillager (level 3)
 2284: attained the rank of Bandit (level 6)
 3518: entered Sokoban
 3873: completed 1st Sokoban level
 4522: completed 2nd Sokoban level
 4845: completed 3rd Sokoban level
 5335: killed by a spotted jelly

Spells:
 Name                 Level Category     Fail Retention
 detect treasure        4   divination   100%  76%-100%
 healing                1   healing      100%  76%-100%

Skills:
 Fighting Skills
   bare handed combat [Basic]
   two weapon combat  [Unskilled]
   riding             [Unskilled]
 Weapon Skills
   dagger             [Basic]
   axe                [Basic]
   pick-axe           [Unskilled]
   short sword        [Unskilled]
   broadsword         [Unskilled]
   long sword         [Unskilled]
   two-handed sword   [Skilled]
   saber              [Unskilled]
   club               [Unskilled]
   mace               [Unskilled]
   morning star       [Unskilled]
   flail              [Unskilled]
   hammer             [Unskilled]
   quarterstaff       [Unskilled]
   spear              [Unskilled]
   trident            [Unskilled]
   bow                [Unskilled]
 Spellcasting Skills
   attack spells      [Unskilled]
   escape spells      [Unskilled]

Voluntary challenges:
 Character rerolling was not enabled.
 You never genocided any monsters.
 You never polymorphed an object.
 You used no wishes.
 You violated the special Sokoban rules once.
Achievements:
 You entered a shop.
 You attained the rank of Pillager.
 You attained the rank of Bandit.
 You entered Sokoban.

 The Dungeons of Doom: levels 1 to 7
    Level 1:
       A fountain.
    Level 2:
       A fountain, a grave.
    Level 3: "spb det treas"
       An armor shop, a fountain.
    Level 4:
    Level 5: "spb healing, vault"
       A fountain.
    Level 6:
       Many fountains.
    Level 7: "vault"
       Stairs up to Sokoban, level 6.
 Sokoban: levels 6 up to 3
    Level 3: <- You were here.
       Unsolved.
       Final resting place for
          you, killed by a spotted jelly.
    Level 4:
       Solved.
    Level 5:
       Solved.
    Level 6:
       Solved.


Vanquished creatures:
  a gelatinous cube
  2 pyrolisks
  a tiger
  a wraith
  a carnivorous ape
  a Grey-elf
  a quivering blob
  a wolf
  2 leprechauns
  a gnome ruler
 an orc mummy
  a yeti
  a white unicorn
  a raven
  a snake
  6 bugbears
  a mountain nymph
  2 fog clouds
  a gnome leader
  a kobold mummy
  3 gray oozes
  3 floating eyes
  2 dwarves
  3 kobold shamans
 12 hill orcs
  a rothe
  a rabid rat
 an orc zombie
  a wererat
  2 killer bees
  3 coyotes
  a gas spore
  3 hobbits
  4 large kobolds
  8 hobgoblins
  2 cave spiders
  2 yellow molds
  3 red molds
  2 gnomes
  3 garter snakes
  a gnome zombie
  4 geckos
  3 jackals
  2 foxes
  4 kobolds
  2 goblins
  6 sewer rats
  4 grid bugs
  2 bats
  5 lichens
  2 kobold zombies
  4 newts
127 creatures vanquished.

No species were genocided or became extinct.

Game over:
                       ----------
                      /          \
                     /    REST    \
                    /      IN      \
                   /     PEACE      \
                  /                  \
                  |    Coineanach    |
                  |      191 Au      |
                  |   killed by a    |
                  |  spotted jelly   |
                  |                  |
                  |                  |
                  |       2026       |
                 *|     *  *  *      | *
        _________)/\\_//(\/(/\)/\//\/|_)_______

Goodbye Coineanach the Barbarian...

You died in Sokoban on dungeon level 3 with 5844 points,
and 191 pieces of gold, after 5335 moves.
You were level 7 with a maximum of 73 hit points when you died.

